| TOP OF THE 1ST |
|
Quad Cities River Bandits batting - Pitching for Hickory Crawdads : LHP Chris P. Bacon
|
|
Pitching: LHP Chris P. Bacon
|
|
|
Batting: LHB Kelvin Jones
|
0-0: Foul Ball, location: 2F 0-1: Called Strike 0-2: Strikes out swinging
|
|
Batting: RHB Joe Cook
|
0-0: Ball 1-0: Swinging Strike 1-1: Foul Ball, location: 2F 1-2: Foul Ball, location: 2F 1-2: Ball 2-2: Foul Ball, location: 2F 2-2: Ball 3-2: Foul Ball, location: 2F 3-2: Ground out 6-3 (Groundball, 6, EV 88.8 MPH)
|
|
Batting: LHB Doug Anderson
|
0-0: Ball 1-0: Ground out 3-1 (Groundball, 34S, EV 86.3 MPH)
|
| Top of the 1st over - 0 runs, 0 hits, 0 errors, 0 left on base; Quad Cities 0 - Hickory 0 |
| BOTTOM OF THE 1ST |
|
Hickory Crawdads batting - Pitching for Quad Cities River Bandits : RHP Robin Yelland
|
|
Pitching: RHP Robin Yelland
|
|
|
Batting: SHB Isaiah Cherry
|
0-0: Ball 1-0: Foul Ball, location: 2F 1-1: Swinging Strike 1-2: Foul Ball, location: 2F 1-2: Ball 2-2: Foul Ball, location: 2F 2-2: Ball 3-2: Base on Balls
|
|
Batting: RHB George King
|
0-0: Called Strike Isaiah Cherry steals 2nd base 0-1: Ground out 4-3 (Groundball, 4, EV 80.0 MPH) Isaiah Cherry to third
|
|
Batting: LHB William Hanley
|
0-0: Called Strike 0-1: Foul Ball, location: 2F 0-2: Ball 1-2: Ball 2-2: Foul Ball, location: 2F 2-2: Fly out, F5 (Popup, 25F, EV 81.3 MPH)
|
|
Batting: RHB Yusuke Nakamura
|
0-0: Ball 1-0: Ball 2-0: SINGLE (Groundball, 6MD, EV 93.8 MPH) Isaiah Cherry scores
|
|
Batting: RHB Salvador Caldera
|
0-0: Called Strike 0-1: Ball 1-1: SINGLE (Flyball, 7LM, EV 104.4 MPH) Yusuke Nakamura to second
|
|
Batting: RHB Gavin Fimple
|
0-0: Called Strike 0-1: Ball 1-1: Ball 2-1: Fly out, F8 (Flyball, 8LXD, EV 88.8 MPH)
|
| Bottom of the 1st over - 1 run, 2 hits, 0 errors, 2 left on base; Quad Cities 0 - Hickory 1 |
| TOP OF THE 2ND |
|
Quad Cities River Bandits batting - Pitching for Hickory Crawdads : LHP Chris P. Bacon
|
|
Batting: RHB Pete Isley
|
0-0: Ground out 3-1 (Groundball, 34S, EV 86.9 MPH)
|
|
Batting: RHB Jamie Jennings
|
0-0: Ball 1-0: Ball 2-0: Foul Ball, location: 2F 2-1: Ball 3-1: Ground out 5-3 (Groundball, 56, EV 105.0 MPH)
|
|
Batting: LHB Chris Cabrera
|
0-0: Ball 1-0: Foul Ball, location: 2F 1-1: Ball 2-1: Ball 3-1: Swinging Strike 3-2: Ground out 4-3 (Groundball, 4, EV 106.3 MPH)
|
| Top of the 2nd over - 0 runs, 0 hits, 0 errors, 0 left on base; Quad Cities 0 - Hickory 1 |
| BOTTOM OF THE 2ND |
|
Hickory Crawdads batting - Pitching for Quad Cities River Bandits : RHP Robin Yelland
|
|
Batting: RHB Mike Trujillo
|
0-0: Called Strike 0-1: Foul Ball, location: 2F 0-2: Ball 1-2: Ground out 6-3 (Groundball, 6, EV 105.6 MPH)
|
|
Batting: RHB Daniel Barger
|
0-0: Ball 1-0: Ball 2-0: Ball 3-0: Called Strike 3-1: Base on Balls
|
|
Batting: LHB Kevin Whalen
|
0-0: Ball 1-0: Ball 2-0: Ball 3-0: Base on Balls Daniel Barger to second
|
|
Batting: SHB Isaiah Cherry
|
0-0: Ball 1-0: Ball Daniel Barger steals 3rd base Kevin Whalen to second 2-0: Ball 3-0: Called Strike 3-1: Base on Balls
|
|
Batting: RHB George King
|
0-0: Ball 1-0: Swinging Strike 1-1: Ball 2-1: Ball 3-1: Foul Ball, location: 2F 3-2: Strikes out looking
|
|
Batting: LHB William Hanley
|
0-0: Ball 1-0: Foul Ball, location: 2F 1-1: Ball 2-1: Ball 3-1: Base on Balls Daniel Barger scores Kevin Whalen to third Isaiah Cherry to second
|
|
Batting: RHB Yusuke Nakamura
|
0-0: Swinging Strike 0-1: Foul Ball, location: 2F 0-2: Foul Ball, location: 2F 0-2: Foul Ball, location: 2F 0-2: Ball 1-2: Ball 2-2: Fly out, F8 (Flyball, 89D, EV 90.6 MPH)
|
| Bottom of the 2nd over - 1 run, 0 hits, 0 errors, 3 left on base; Quad Cities 0 - Hickory 2 |
| TOP OF THE 3RD |
|
Quad Cities River Bandits batting - Pitching for Hickory Crawdads : LHP Chris P. Bacon
|
|
Batting: RHB Colin Cranford
|
0-0: Ground out 5-3 (Groundball, 56, EV 81.9 MPH)
|
|
Batting: RHB Mike Henseler
|
0-0: Called Strike 0-1: SOLO HOME RUN (Flyball, 7D, EV 96.9 MPH), Distance : 385 ft
|
|
Batting: RHB Steve Moore
|
0-0: Ball 1-0: Ground out 6-3 (Groundball, 6, EV 88.8 MPH)
|
|
Batting: LHB Kelvin Jones
|
0-0: Ball 1-0: Ball 2-0: Swinging Strike 2-1: Foul Ball, location: 2F 2-2: Strikes out swinging
|
| Top of the 3rd over - 1 run, 1 hit, 0 errors, 0 left on base; Quad Cities 1 - Hickory 2 |
| BOTTOM OF THE 3RD |
|
Hickory Crawdads batting - Pitching for Quad Cities River Bandits : RHP Robin Yelland
|
|
Batting: RHB Salvador Caldera
|
0-0: Ball 1-0: Called Strike 1-1: Called Strike 1-2: Strikes out swinging
|
|
Batting: RHB Gavin Fimple
|
0-0: Ground out 4-3 (Groundball, 34, EV 103.1 MPH)
|
|
Batting: RHB Mike Trujillo
|
0-0: Called Strike 0-1: Ball 1-1: Fly out, F7 (Flyball, 78D, EV 106.3 MPH)
|
| Bottom of the 3rd over - 0 runs, 0 hits, 0 errors, 0 left on base; Quad Cities 1 - Hickory 2 |
| TOP OF THE 4TH |
|
Quad Cities River Bandits batting - Pitching for Hickory Crawdads : LHP Chris P. Bacon
|
|
Batting: RHB Joe Cook
|
0-0: Called Strike 0-1: Ball 1-1: Ball 2-1: Ball 3-1: Called Strike 3-2: Ground out 4-3 (Groundball, 4, EV 83.8 MPH)
|
|
Batting: LHB Doug Anderson
|
0-0: Ball 1-0: Called Strike 1-1: Foul Ball, location: 2F 1-2: Foul Ball, location: 2F 1-2: Ball 2-2: Ball 3-2: Foul Ball, location: 2F 3-2: SINGLE (Groundball, 6MS, EV 71.9 MPH) (infield hit)
|
|
Batting: RHB Pete Isley
|
0-0: Ball 1-0: Ball 2-0: Ball 3-0: Base on Balls Doug Anderson to second
|
|
Batting: RHB Jamie Jennings
|
0-0: Ball 1-0: Ball 2-0: Foul Ball, location: 2F 2-1: Ball 3-1: Foul Ball, location: 2F 3-2: Fly out, F7 (Flyball, 7, EV 95.0 MPH)
|
|
Batting: LHB Chris Cabrera
|
0-0: Called Strike 0-1: Ball 1-1: Foul Ball, location: 2F 1-2: Ball 2-2: Ball 3-2: Ground out 4-3 (Groundball, 4, EV 83.8 MPH)
|
| Top of the 4th over - 0 runs, 1 hit, 0 errors, 2 left on base; Quad Cities 1 - Hickory 2 |
| BOTTOM OF THE 4TH |
|
Hickory Crawdads batting - Pitching for Quad Cities River Bandits : RHP Robin Yelland
|
|
Batting: RHB Daniel Barger
|
0-0: Ball 1-0: Foul Ball, location: 2F 1-1: Ball 2-1: Called Strike 2-2: Ball 3-2: Foul Ball, location: 2F 3-2: Strikes out swinging
|
|
Batting: LHB Kevin Whalen
|
0-0: Called Strike 0-1: Ground out U3 (Groundball, 13, EV 81.3 MPH)
|
|
Batting: SHB Isaiah Cherry
|
0-0: Called Strike 0-1: Foul Ball, location: 2F 0-2: Ground out 6-3 (Groundball, 56, EV 85.0 MPH)
|
| Bottom of the 4th over - 0 runs, 0 hits, 0 errors, 0 left on base; Quad Cities 1 - Hickory 2 |
| TOP OF THE 5TH |
|
Quad Cities River Bandits batting - Pitching for Hickory Crawdads : LHP Chris P. Bacon
|
|
Batting: RHB Colin Cranford
|
0-0: Called Strike 0-1: DOUBLE (Line Drive, 89M, EV 91.3 MPH)
|
|
Batting: RHB Mike Henseler
|
0-0: Ball 1-0: Ground out 5-3 (Groundball, 5, EV 108.1 MPH)
|
|
Batting: RHB Steve Moore
|
0-0: Ball 1-0: Ball 2-0: Called Strike 2-1: Ball Wild Pitch! Colin Cranford to third 3-1: Called Strike 3-2: Strikes out looking
|
|
Batting: LHB Kelvin Jones
|
0-0: Ball 1-0: Foul Ball, location: 2F 1-1: Called Strike 1-2: Ball 2-2: Foul Ball, location: 2F 2-2: Strikes out looking
|
| Top of the 5th over - 0 runs, 1 hit, 0 errors, 1 left on base; Quad Cities 1 - Hickory 2 |
| BOTTOM OF THE 5TH |
|
Hickory Crawdads batting - Pitching for Quad Cities River Bandits : RHP Robin Yelland
|
|
Batting: RHB George King
|
0-0: Called Strike 0-1: Swinging Strike 0-2: SINGLE (Groundball, 6S, EV 70.6 MPH) (infield hit)
|
|
Pinch Runner at 1st Nate Calderin:
|
|
|
Batting: LHB William Hanley
|
0-0: Ball 1-0: Foul Ball, location: 2F 1-1: Ball 2-1: Fly out, F7 (Flyball, 7S, EV 89.4 MPH)
|
|
Batting: RHB Yusuke Nakamura
|
0-0: Ball Wild Pitch! Nate Calderin to second 1-0: DOUBLE (Flyball, 89D, EV 98.1 MPH) Nate Calderin scores
|
|
Batting: RHB Salvador Caldera
|
0-0: Ball 1-0: Ball 2-0: Called Strike 2-1: Foul Ball, location: 2F 2-2: Strikes out looking
|
|
Batting: RHB Gavin Fimple
|
0-0: Ball 1-0: Foul Ball, location: 2F 1-1: Foul Ball, location: 2F 1-2: Ball 2-2: Ball 3-2: Foul Ball, location: 2F 3-2: SINGLE (Groundball, 56D, EV 103.8 MPH) Yusuke Nakamura to third Runner from 3rd tries for Home, SAFE, throw by LF to home
|
|
Batting: RHB Mike Trujillo
|
0-0: Called Strike 0-1: Ball 1-1: Ball Gavin Fimple steals 2nd base 2-1: Ball 3-1: Foul Ball, location: 2F 3-2: Base on Balls
|
|
Pitching: RHP Arsène Serre
|
|
|
Batting: RHB Daniel Barger
|
0-0: Foul Ball, location: 2F 0-1: Called Strike 0-2: Fly out, F7 (Line Drive, 7S, EV 97.5 MPH)
|
| Bottom of the 5th over - 2 runs, 3 hits, 0 errors, 2 left on base; Quad Cities 1 - Hickory 4 |
| TOP OF THE 6TH |
|
Quad Cities River Bandits batting - Pitching for Hickory Crawdads : LHP Chris P. Bacon
|
|
Now at 2B: Nate Calderin
|
|
|
Batting: RHB Joe Cook
|
0-0: Fly out, F7 (Flyball, 7LM, EV 79.4 MPH)
|
|
Batting: LHB Doug Anderson
|
0-0: Called Strike 0-1: Ball 1-1: Ball 2-1: Foul Ball, location: 2F 2-2: Foul Ball, location: 2F 2-2: Strikes out looking
|
|
Batting: RHB Pete Isley
|
0-0: Foul Ball, location: 2F 0-1: Foul Ball, location: 2F 0-2: TRIPLE (Flyball, 89XD, EV 105.0 MPH)
|
|
Batting: RHB Jamie Jennings
|
0-0: Ball 1-0: Called Strike 1-1: Ground out 1-3 (Groundball, 25, EV 61.9 MPH)
|
| Top of the 6th over - 0 runs, 1 hit, 0 errors, 1 left on base; Quad Cities 1 - Hickory 4 |
| BOTTOM OF THE 6TH |
|
Hickory Crawdads batting - Pitching for Quad Cities River Bandits : RHP Arsène Serre
|
|
Batting: LHB Kevin Whalen
|
0-0: Ground out 4-3 (Groundball, 4S, EV 86.3 MPH)
|
|
Batting: SHB Isaiah Cherry
|
0-0: Ball 1-0: Ball 2-0: Ball 3-0: Called Strike 3-1: SINGLE (Groundball, 4MD, EV 95.6 MPH)
|
|
Batting: RHB Nate Calderin
|
0-0: Called Strike 0-1: Ball 1-1: Called Strike 1-2: Ball 2-2: Foul Ball, location: 2F 2-2: Ground out 5-3 (Groundball, 56, EV 103.8 MPH) Isaiah Cherry to second
|
|
Batting: LHB William Hanley
|
0-0: Ball 1-0: Called Strike 1-1: Fly out, F2 (Popup, 2R, EV 97.5 MPH)
|
| Bottom of the 6th over - 0 runs, 1 hit, 0 errors, 1 left on base; Quad Cities 1 - Hickory 4 |
| TOP OF THE 7TH |
|
Quad Cities River Bandits batting - Pitching for Hickory Crawdads : LHP Chris P. Bacon
|
|
Now in LF: Mike Trujillo
|
|
|
Now in RF: Adryão Anto
|
|
|
Batting: LHB Chris Cabrera
|
0-0: Swinging Strike 0-1: Ball 1-1: Ball 2-1: Foul Ball, location: 2F 2-2: Foul Ball, location: 2F 2-2: Foul Ball, location: 2F 2-2: Foul Ball, location: 2F 2-2: Foul Ball, location: 2F 2-2: Ground out U3 (Groundball, 3L, EV 100.0 MPH)
|
|
Pitching: LHP Danny Frizzell
|
|
|
Batting: RHB Colin Cranford
|
0-0: Called Strike 0-1: Foul Ball, location: 2F 0-2: Foul Ball, location: 2F 0-2: Strikes out looking
|
|
Batting: RHB Mike Henseler
|
0-0: Called Strike 0-1: Ball 1-1: Swinging Strike 1-2: Strikes out swinging
|
| Top of the 7th over - 0 runs, 0 hits, 0 errors, 0 left on base; Quad Cities 1 - Hickory 4 |
| BOTTOM OF THE 7TH |
|
Hickory Crawdads batting - Pitching for Quad Cities River Bandits : RHP Arsène Serre
|
|
Pitching: RHP Ray Leuthauser
|
|
|
Batting: RHB Yusuke Nakamura
|
0-0: Called Strike 0-1: Foul Ball, location: 2F 0-2: Ball 1-2: Foul Ball, location: 2F 1-2: Ball 2-2: Foul Ball, location: 2F 2-2: Strikes out swinging
|
|
Batting: RHB Salvador Caldera
|
0-0: Ball 1-0: Ball 2-0: Called Strike 2-1: Ball 3-1: Called Strike 3-2: Fly out, F7 (Flyball, 7D, EV 90.6 MPH)
|
|
Batting: RHB Gavin Fimple
|
0-0: Called Strike 0-1: Ball 1-1: Ball 2-1: Swinging Strike 2-2: Foul Ball, location: 2F 2-2: Fly out, F1 (Line Drive, P, EV 63.8 MPH)
|
| Bottom of the 7th over - 0 runs, 0 hits, 0 errors, 0 left on base; Quad Cities 1 - Hickory 4 |
| TOP OF THE 8TH |
|
Quad Cities River Bandits batting - Pitching for Hickory Crawdads : LHP Danny Frizzell
|
|
Batting: RHB Steve Moore
|
0-0: Ball 1-0: Foul Ball, location: 2F 1-1: Swinging Strike 1-2: Ball 2-2: Fly out, F8 (Flyball, 8RXD, EV 96.9 MPH)
|
|
Batting: LHB Kelvin Jones
|
0-0: Foul Ball, location: 2F 0-1: Swinging Strike 0-2: Strikes out swinging
|
|
Batting: RHB Joe Cook
|
0-0: Ball 1-0: Called Strike 1-1: Called Strike 1-2: Strikes out looking
|
| Top of the 8th over - 0 runs, 0 hits, 0 errors, 0 left on base; Quad Cities 1 - Hickory 4 |
| BOTTOM OF THE 8TH |
|
Hickory Crawdads batting - Pitching for Quad Cities River Bandits : RHP Ray Leuthauser
|
|
Pitching: RHP Tim Watson
|
|
|
Batting: RHB Mike Trujillo
|
0-0: Foul Ball, location: 2F 0-1: Ball 1-1: Swinging Strike 1-2: Ball 2-2: Ground out 5-3 (Groundball, 56S, EV 81.9 MPH)
|
|
Batting: RHB Daniel Barger
|
0-0: Ball 1-0: Foul Ball, location: 2F 1-1: Ball 2-1: Ball 3-1: Called Strike 3-2: Ground out 6-3 (Groundball, 6, EV 105.0 MPH)
|
|
Batting: LHB Kevin Whalen
|
0-0: Ball 1-0: Called Strike 1-1: Ball 2-1: SINGLE (Groundball, 4MS, EV 63.1 MPH) (infield hit)
|
|
Batting: SHB Isaiah Cherry
|
0-0: Ball 1-0: Ball Kevin Whalen steals 2nd base 2-0: Ground out 5-3 (Groundball, 5, EV 94.4 MPH)
|
| Bottom of the 8th over - 0 runs, 1 hit, 0 errors, 1 left on base; Quad Cities 1 - Hickory 4 |
| TOP OF THE 9TH |
|
Quad Cities River Bandits batting - Pitching for Hickory Crawdads : LHP Danny Frizzell
|
|
Pitching: RHP Jeff Bliss
|
|
|
Batting: LHB Doug Anderson
|
0-0: Ball 1-0: Called Strike 1-1: Swinging Strike 1-2: Strikes out looking
|
|
Batting: RHB Pete Isley
|
0-0: Ball 1-0: Called Strike 1-1: Foul Ball, location: 2F 1-2: Strikes out swinging
|
|
Batting: RHB Jamie Jennings
|
0-0: Ball 1-0: Ball 2-0: Called Strike 2-1: Foul Ball, location: 2F 2-2: Ball 3-2: Strikes out swinging
|
| Top of the 9th over - 0 runs, 0 hits, 0 errors, 0 left on base; Quad Cities 1 - Hickory 4 |
|